MID
BURLINGTON BEES @ WEST MICHIGAN WHITECAPS
04/07/2046
 
TOP OF THE 1ST
Burlington Bees batting - Pitching for West Michigan Whitecaps : RHP Ramiro Silva
Pitching: RHP Ramiro Silva
Batting: RHB Timoleon Tsikouna 0-0: Swinging Strike
0-1: Foul Ball, location: 2F
0-2: Ball
1-2: Strikes out swinging
Batting: LHB Dave Hicks 0-0: Ball
1-0: Ball
2-0: Foul Ball, location: 2F
2-1: Foul Ball, location: 2F
2-2: Strikes out swinging
Batting: RHB Peter Westover 0-0: Called Strike
0-1: Ball
1-1: Foul Ball, location: 2F
1-2: Ball
2-2: Strikes out looking
Top of the 1st over - 0 runs, 0 hits, 0 errors, 0 left on base; Burlington 0 - West Michigan 0
BOTTOM OF THE 1ST
West Michigan Whitecaps batting - Pitching for Burlington Bees : RHP Hector Carrizales
Pitching: RHP Hector Carrizales
Batting: RHB Brandon O'Malley 0-0: Ball
1-0: Swinging Strike
1-1: Swinging Strike
1-2: SOLO HOME RUN (Flyball, 7D, EV 96.9 MPH), Distance : 372 ft
Batting: SHB Willie Medina 0-0: Foul Ball, location: 2F
0-1: Ball
1-1: Ball
2-1: Bunt for hit to 5S - play at first, batter OUT! 5-3
Batting: RHB Jon Goldstein 0-0: Ball
1-0: Ball
2-0: Ball
3-0: Base on Balls
Batting: LHB George Moran 0-0: Ball
1-0: DOUBLE (Flyball, 9D, EV 98.1 MPH)
Jon Goldstein to third
Batting: RHB Tony Nunez 0-0: Called Strike
0-1: Ball
1-1: Ball
2-1: Called Strike
2-2: Fly out, F8 (Flyball, 8RS, EV 70.6 MPH)
Batting: RHB Mike Sebastian 0-0: Called Strike
0-1: DOUBLE (Groundball, 5L, EV 104.4 MPH)
Jon Goldstein scores
George Moran scores
Batting: LHB Brad Gaskill 0-0: Ball
1-0: Called Strike
1-1: Ball
2-1: Called Strike
2-2: Foul Ball, location: 2F
2-2: Foul Ball, location: 2F
2-2: Ground out U3 (Groundball, 3S, EV 81.9 MPH)
Bottom of the 1st over - 3 runs, 3 hits, 0 errors, 1 left on base; Burlington 0 - West Michigan 3
TOP OF THE 2ND
Burlington Bees batting - Pitching for West Michigan Whitecaps : RHP Ramiro Silva
Batting: RHB Jon Griffin 0-0: Ball
1-0: Called Strike
1-1: Fly out, F6 (Line Drive, 6MD, EV 68.1 MPH)
Batting: LHB Mutsuo IIda 0-0: Swinging Strike
0-1: Swinging Strike
0-2: Strikes out looking
Batting: RHB J.R. Roberts 0-0: DOUBLE (Flyball, 8LXD, EV 108.1 MPH)
Batting: RHB Dan Burkhart 0-0: Foul Ball, location: 2F
0-1: Foul Ball, location: 2F
0-2: Strikes out looking
Top of the 2nd over - 0 runs, 1 hit, 0 errors, 1 left on base; Burlington 0 - West Michigan 3
BOTTOM OF THE 2ND
West Michigan Whitecaps batting - Pitching for Burlington Bees : RHP Hector Carrizales
Batting: RHB Jamie Villagrana 0-0: Ball
1-0: Ball
2-0: SOLO HOME RUN (Flyball, 78XD, EV 109.4 MPH), Distance : 435 ft
Batting: RHB Ernst Meloche 0-0: Fly out, F8 (Flyball, 78D, EV 78.1 MPH)
Batting: RHB Brandon O'Malley 0-0: Ball
1-0: Fly out, F8 (Flyball, 8LXD, EV 86.9 MPH)
Batting: SHB Willie Medina 0-0: Ball
1-0: Fly out, F8 (Line Drive, 8RD, EV 90.6 MPH)
Bottom of the 2nd over - 1 run, 1 hit, 0 errors, 0 left on base; Burlington 0 - West Michigan 4
TOP OF THE 3RD
Burlington Bees batting - Pitching for West Michigan Whitecaps : RHP Ramiro Silva
Batting: RHB Malachi Ephron 0-0: Foul Ball, location: 2F
0-1: Ball
1-1: Called Strike
1-2: Strikes out looking
Batting: RHB Areda Obote 0-0: Ball
1-0: Foul Ball, location: 2F
1-1: Swinging Strike
1-2: Ball
2-2: Strikes out swinging
Batting: RHB Timoleon Tsikouna 0-0: Foul Ball, location: 2F
0-1: Called Strike
0-2: Ball
1-2: Strikes out looking
Top of the 3rd over - 0 runs, 0 hits, 0 errors, 0 left on base; Burlington 0 - West Michigan 4
BOTTOM OF THE 3RD
West Michigan Whitecaps batting - Pitching for Burlington Bees : RHP Hector Carrizales
Batting: RHB Jon Goldstein 0-0: Called Strike
0-1: SINGLE (Line Drive, 6D, EV 95.6 MPH)
Batting: LHB George Moran 0-0: Called Strike
0-1: Ball
1-1: SINGLE (Line Drive, 7S, EV 90.6 MPH)
Jon Goldstein to second
Batting: RHB Tony Nunez 0-0: Swinging Strike
0-1: Foul Ball, location: 2F
0-2: Ball
1-2: Ball
2-2: Ball
3-2: Foul Ball, location: 2F
3-2: Strikes out swinging
Batting: RHB Mike Sebastian 0-0: Ball
1-0: Ball
2-0: Called Strike
2-1: Swinging Strike
2-2: Ball
3-2: Foul Ball, location: 2F
3-2: Fly out, F8 (Flyball, 8LD, EV 93.8 MPH)
Batting: LHB Brad Gaskill 0-0: Foul Ball, location: 2F
0-1: Called Strike
0-2: Foul Ball, location: 2F
0-2: Ball
1-2: Foul Ball, location: 2F
1-2: Ball
2-2: Ball
3-2: 3-RUN HOME RUN (Flyball, 7D, EV 97.5 MPH), Distance : 366 ft
Pitching: LHP Paul Griffin
Batting: RHB Jamie Villagrana 0-0: Foul Ball, location: 2F
0-1: Called Strike
0-2: Ball
1-2: SINGLE (Groundball, 4MD, EV 103.1 MPH)
Batting: RHB Ernst Meloche 0-0: Foul Ball, location: 2F
0-1: Foul Ball, location: 2F
0-2: Foul Ball, location: 2F
0-2: Ball
1-2: Ball
2-2: Ball
3-2: Strikes out swinging
Bottom of the 3rd over - 3 runs, 4 hits, 0 errors, 1 left on base; Burlington 0 - West Michigan 7
TOP OF THE 4TH
Burlington Bees batting - Pitching for West Michigan Whitecaps : RHP Ramiro Silva
Batting: LHB Dave Hicks 0-0: Swinging Strike
0-1: Ball
1-1: Called Strike
1-2: Strikes out swinging
Batting: RHB Peter Westover 0-0: Foul Ball, location: 2F
0-1: Ground out 6-3 (Groundball, 56, EV 111.9 MPH)
Batting: RHB Jon Griffin 0-0: Ball
1-0: Ground out 6-3 (Groundball, 6M, EV 96.2 MPH)
Top of the 4th over - 0 runs, 0 hits, 0 errors, 0 left on base; Burlington 0 - West Michigan 7
BOTTOM OF THE 4TH
West Michigan Whitecaps batting - Pitching for Burlington Bees : LHP Paul Griffin
Batting: RHB Brandon O'Malley 0-0: Ball
1-0: Ball
2-0: Ball
3-0: Called Strike
3-1: Foul Ball, location: 2F
3-2: Foul Ball, location: 2F
3-2: Foul Ball, location: 2F
3-2: Fly out, F7 (Flyball, 78S, EV 90.6 MPH)
Batting: SHB Willie Medina 0-0: Called Strike
0-1: Ground out U3 (Groundball, 34, EV 106.2 MPH)
Batting: RHB Jon Goldstein 0-0: Ground out 5-3 (Groundball, 56, EV 107.5 MPH)
Bottom of the 4th over - 0 runs, 0 hits, 0 errors, 0 left on base; Burlington 0 - West Michigan 7
TOP OF THE 5TH
Burlington Bees batting - Pitching for West Michigan Whitecaps : RHP Ramiro Silva
Batting: LHB Mutsuo IIda 0-0: Called Strike
0-1: Ball
1-1: Called Strike
1-2: Ball
2-2: Ball
3-2: Foul Ball, location: 2F
3-2: Strikes out looking
Batting: RHB J.R. Roberts 0-0: Called Strike
0-1: Ball
1-1: Ball
2-1: Foul Ball, location: 2F
2-2: Foul Ball, location: 2F
2-2: Ball
3-2: Strikes out swinging
Batting: RHB Dan Burkhart 0-0: Foul Ball, location: 2F
0-1: Ground out U3 (Groundball, 13, EV 81.2 MPH)
Top of the 5th over - 0 runs, 0 hits, 0 errors, 0 left on base; Burlington 0 - West Michigan 7
BOTTOM OF THE 5TH
West Michigan Whitecaps batting - Pitching for Burlington Bees : LHP Paul Griffin
Batting: LHB George Moran 0-0: Foul Ball, location: 2F
0-1: Called Strike
0-2: DOUBLE (Flyball, 89D, EV 96.2 MPH)
Batting: RHB Tony Nunez 0-0: Swinging Strike
0-1: Swinging Strike
0-2: Fly out, F6 (Line Drive, 56, EV 68.8 MPH)
Batting: RHB Mike Sebastian 0-0: Called Strike
0-1: Ball
1-1: Called Strike
1-2: Strikes out swinging
Batting: LHB Brad Gaskill 0-0: Ball
1-0: SINGLE (Groundball, 4MS, EV 63.8 MPH) (infield hit)
George Moran to third
Batting: RHB Jamie Villagrana 0-0: Ball
1-0: Ball
2-0: Ball
3-0: Called Strike
3-1: Base on Balls
Brad Gaskill to second
Batting: RHB Ernst Meloche 0-0: Foul Ball, location: 2F
0-1: Ball
1-1: Fly out, F8 (Flyball, 8LD, EV 97.5 MPH)
Bottom of the 5th over - 0 runs, 2 hits, 0 errors, 3 left on base; Burlington 0 - West Michigan 7
TOP OF THE 6TH
Burlington Bees batting - Pitching for West Michigan Whitecaps : RHP Ramiro Silva
Batting: RHB Malachi Ephron 0-0: Ball
1-0: Ball
2-0: Ball
3-0: Called Strike
3-1: Base on Balls
Batting: RHB Areda Obote 0-0: Called Strike
0-1: Ball
1-1: Foul Ball, location: 2F
1-2: Foul Ball, location: 2F
1-2: Ball
2-2: Ball
3-2: Foul Ball, location: 2F
3-2: Strikes out swinging
Batting: RHB Timoleon Tsikouna 0-0: Fly out, F9 (Flyball, 9D, EV 92.5 MPH)
Batting: LHB Dave Hicks 0-0: Ball
1-0: Called Strike
1-1: Foul Ball, location: 2F
1-2: Foul Ball, location: 2F
1-2: Foul Ball, location: 2F
1-2: Foul Ball, location: 2F
1-2: Foul Ball, location: 2F
1-2: Ground out 3-1 (Groundball, 3D, EV 99.4 MPH)
Top of the 6th over - 0 runs, 0 hits, 0 errors, 1 left on base; Burlington 0 - West Michigan 7
BOTTOM OF THE 6TH
West Michigan Whitecaps batting - Pitching for Burlington Bees : LHP Paul Griffin
Batting: RHB Brandon O'Malley 0-0: Ball
1-0: Ball
2-0: Ball
3-0: Called Strike
3-1: Foul Ball, location: 2F
3-2: Base on Balls
Batting: SHB Willie Medina 0-0: Ball
1-0: Ball
2-0: Called Strike
Brandon O'Malley steals 2nd base (no throw)
2-1: SINGLE (Groundball, 56D, EV 109.4 MPH)
Brandon O'Malley to third
Batting: RHB Jon Goldstein 0-0: Ball
1-0: DOUBLE (Groundball, 5L, EV 110.0 MPH)
Brandon O'Malley scores
Willie Medina to third
Runner from 3rd tries for Home, throw by LF and OUT! 7-6-2
Pitching: RHP Adam Hefner
Batting: LHB George Moran 0-0: Ball
1-0: Ball
2-0: Called Strike
2-1: Swinging Strike
2-2: Foul Ball, location: 2F
2-2: Strikes out swinging
Batting: RHB Tony Nunez 0-0: Ball
1-0: Ball
2-0: Foul Ball, location: 2F
2-1: Called Strike
2-2: Foul Ball, location: 2F
2-2: Ball
3-2: Base on Balls
Batting: RHB Mike Sebastian 0-0: Ball
1-0: Foul Ball, location: 2F
1-1: Ball
2-1: Ground out 5-3 (Groundball, 56S, EV 80.0 MPH)
Bottom of the 6th over - 1 run, 2 hits, 0 errors, 2 left on base; Burlington 0 - West Michigan 8
TOP OF THE 7TH
Burlington Bees batting - Pitching for West Michigan Whitecaps : RHP Ramiro Silva
Batting: RHB Peter Westover 0-0: Ball
1-0: Called Strike
1-1: Ball
2-1: Swinging Strike
2-2: Ball
3-2: SOLO HOME RUN (Flyball, 78XD, EV 111.2 MPH), Distance : 421 ft
Batting: RHB Jon Griffin 0-0: Ball
1-0: Ball
2-0: Ball
3-0: Called Strike
3-1: Base on Balls
Batting: LHB Mutsuo IIda 0-0: Ball
1-0: Foul Ball, location: 2F
1-1: Ball
2-1: SINGLE (Line Drive, 5D, EV 95.6 MPH)
Jon Griffin to second
Pinch Hitting: RHB Danny Guevara 0-0: Ball
1-0: Fielders Choice at 2nd, 3-6 (Groundball, 34, EV 101.2 MPH)
Jon Griffin to third
Pitching: RHP Dan Keener
Batting: RHB Dan Burkhart 0-0: Called Strike
0-1: DOUBLE (Groundball, 5L, EV 98.1 MPH)
Jon Griffin scores
Danny Guevara to third
Batting: RHB Malachi Ephron 0-0: Ball
1-0: Ball
2-0: DOUBLE (Line Drive, 89XD, EV 100.6 MPH)
Danny Guevara scores
Dan Burkhart scores
Pinch Hitting: LHB Jamie Diebel 0-0: Called Strike
0-1: TRIPLE (Line Drive, 8RXD, EV 103.1 MPH)
Malachi Ephron scores
Batting: RHB Timoleon Tsikouna 0-0: Ground out 4-3 (Groundball, 13, EV 84.4 MPH)
Jamie Diebel scores
Batting: LHB Dave Hicks 0-0: Ball
1-0: Called Strike
1-1: Called Strike
1-2: Strikes out swinging
Top of the 7th over - 6 runs, 5 hits, 0 errors, 0 left on base; Burlington 6 - West Michigan 8
BOTTOM OF THE 7TH
West Michigan Whitecaps batting - Pitching for Burlington Bees : RHP Adam Hefner
Pitching: RHP Troy Ingram
Now at 1B: Danny Guevara
Now in RF: Jamie Diebel
Batting: LHB Brad Gaskill 0-0: Ball
1-0: SINGLE (Line Drive, 9S, EV 95.6 MPH)
Batting: RHB Jamie Villagrana 0-0: Fly out, F3 (Popup, 34, EV 60.6 MPH)
Batting: RHB Ernst Meloche 0-0: 2-RUN HOME RUN (Flyball, 7D, EV 98.8 MPH), Distance : 377 ft
Batting: RHB Brandon O'Malley 0-0: Called Strike
0-1: Foul Ball, location: 2F
0-2: Ball
1-2: Strikes out looking
Batting: SHB Willie Medina 0-0: Called Strike
0-1: Called Strike
0-2: SOLO HOME RUN (Flyball, 8LXD, EV 107.5 MPH), Distance : 449 ft
Batting: RHB Jon Goldstein 0-0: Ball
1-0: Foul Ball, location: 2F
1-1: Swinging Strike
1-2: Ball
2-2: Strikes out swinging
Bottom of the 7th over - 3 runs, 3 hits, 0 errors, 0 left on base; Burlington 6 - West Michigan 11
TOP OF THE 8TH
Burlington Bees batting - Pitching for West Michigan Whitecaps : RHP Dan Keener
Batting: RHB Peter Westover 0-0: Called Strike
0-1: Swinging Strike
0-2: Strikes out swinging
Batting: RHB Jon Griffin 0-0: Ball
1-0: Foul Ball, location: 2F
1-1: Foul Ball, location: 2F
1-2: Ball
2-2: Strikes out looking
Batting: LHB Mutsuo IIda 0-0: Called Strike
0-1: Swinging Strike
0-2: Ball
1-2: Ball
2-2: Ball
3-2: Strikes out swinging
Top of the 8th over - 0 runs, 0 hits, 0 errors, 0 left on base; Burlington 6 - West Michigan 11
BOTTOM OF THE 8TH
West Michigan Whitecaps batting - Pitching for Burlington Bees : RHP Troy Ingram
Batting: LHB George Moran 0-0: Ball
1-0: Ground out 6-3 (Groundball, 6, EV 98.1 MPH)
Batting: RHB Tony Nunez 0-0: Ground out 5-3 (Groundball, 5L, EV 84.4 MPH)
Batting: RHB Mike Sebastian 0-0: Called Strike
0-1: Foul Ball, location: 2F
0-2: Ball
1-2: Ball
2-2: Ball
3-2: SINGLE (Groundball, 5S, EV 73.8 MPH) (infield hit)
Batting: LHB Brad Gaskill 0-0: Called Strike
Mike Sebastian is caught stealing 2nd base 2-6
Bottom of the 8th over - 0 runs, 1 hit, 0 errors, 0 left on base; Burlington 6 - West Michigan 11
TOP OF THE 9TH
Burlington Bees batting - Pitching for West Michigan Whitecaps : RHP Dan Keener
Pitching: RHP Matt Sturge
Batting: RHB Danny Guevara 0-0: Ball
1-0: Ball
2-0: Ball
3-0: Called Strike
3-1: Ground out 4-3 (Groundball, 4S, EV 83.8 MPH)
Batting: RHB Dan Burkhart 0-0: Called Strike
0-1: Foul Ball, location: 2F
0-2: Ball
1-2: Ball
2-2: SINGLE (Groundball, 6MD, EV 99.4 MPH)
Batting: RHB Malachi Ephron 0-0: Ball
1-0: SINGLE (Groundball, 56D, EV 103.1 MPH)
Dan Burkhart to second
Batting: LHB Jamie Diebel 0-0: Called Strike
0-1: Ball
1-1: Ball
2-1: DOUBLE (Flyball, 89XD, EV 110.6 MPH)
Dan Burkhart scores
Malachi Ephron to third
Batting: RHB Timoleon Tsikouna 0-0: Ground out 5-3 (Groundball, 56S, EV 83.1 MPH)
Malachi Ephron scores
Batting: LHB Dave Hicks 0-0: Ball
Wild Pitch!
Jamie Diebel to third
1-0: Foul Ball, location: 2F
1-1: Called Strike
1-2: Hit by Pitch
Pitching: RHP Eddie Hodgson
Pinch Hitting: LHB Alberto Carrillo 0-0: Ball
1-0: Ground out 1-3 (Groundball, 13S, EV 66.9 MPH)
Top of the 9th over - 2 runs, 3 hits, 0 errors, 2 left on base; Burlington 8 - West Michigan 11
Tuesday, September 13th , 2022 - OOTP Baseball 23.7 Build 88